 Dungeon Crawl Stone Soup version 0.24.0-123-gd5b16e6ec5 (webtiles) character file.

Game seed: 10056910224481133554, levelgen mode: deterministic

2503 lenfi the Charlatan (level 9, -4/53 HPs)
             Began as a Vampire Assassin on Feb 2, 2020.
             Was a Follower of Kikubaaqudgha.
             Slain by a sky beast (6 damage)
             ... on level 8 of the Dungeon on Feb 8, 2020.
             The game lasted 03:03:52 (9638 turns).

lenfi the Charlatan (Vampire Assassin)              Turns: 9638, Time: 03:03:53

Health: -4/53      AC:  8    Str: 13      XL:     9   Next: 28%
Magic:  23/23      EV:  9    Int: 13 (14) God:    Kikubaaqudgha [*.....]
Gold:   352        SH:  9    Dex: 15      Spells: 13/15 levels left

rFire    . . .     SeeInvis +   d - +1 trident (flame)
rCold    + + .     Gourm    .   j - +0 shield
rNeg     + + +     Faith    .   o - +2 leather armour {rN+}
rPois    ∞         Spirit   .   u - +0 helmet
rElec    .         Reflect  .   c - +0 cloak
rCorr    .         Harm     .   v - +0 pair of gloves
MR       .....                  (no boots)
Stlth    +++++.....             (no amulet)
HPRegen  0.00/turn              e - ring of magical power
MPRegen  0.18/turn              B - ring of wizardry

@: bloodless
A: no food, fangs 3, see invisible, unbreathing
a: Bat Form, Revivify, Receive Corpses, Renounce Religion


You were on level 8 of the Dungeon.
You worshipped Kikubaaqudgha.
Kikubaaqudgha was aware of your devotion.
You were bloodless.

You visited 2 branches of the dungeon, and saw 9 of its levels.

You collected 352 gold pieces.

Inventory:

Hand Weapons
 a - a +2 dagger
 d - a +1 trident of flaming (weapon)
 h - a +0 trident
Missiles
 f - 46 bolts
 g - a javelin (quivered)
 i - 99 arrows
 n - 7 datura-tipped darts
 s - 213 stones
 z - 103 sling bullets
 E - 10 poisoned darts
 K - a throwing net
 N - 5 atropa-tipped darts
Armour
 c - a +0 cloak (worn)
 j - a +0 shield (worn)
 l - a +0 ring mail
 o - a +2 leather armour of positive energy (worn)
 u - a +0 helmet (worn)
 v - a +0 pair of gloves (worn)
Jewellery
 e - a ring of magical power (left hand)
 B - a ring of wizardry (right hand)
Wands
 C - a wand of iceblast (4)
 D - a wand of polymorph (17)
Scrolls
 t - 6 scrolls of identify
 y - a scroll of magic mapping
 A - 4 scrolls of enchant armour {unknown}
 F - a scroll of summoning {unknown}
 G - a scroll of amnesia
 H - 2 scrolls of teleportation
 I - a scroll of random uselessness {unknown}
 M - a scroll of fog {unknown}
Potions
 b - a potion of might {unknown}
 k - a potion of magic {unknown}
 m - 8 potions of curing
 p - 3 potions of haste
 q - 2 potions of flight {unknown}
 r - a potion of agility {unknown}
 w - a potion of degeneration {unknown}
 x - 2 potions of brilliance
 J - a potion of heal wounds {unknown}
 L - a potion of resistance {unknown}


   Skills:
 + Level 4.9 Fighting
 - Level 2.1 Short Blades
 * Level 3.7 Polearms
 - Level 1.5 Throwing
 - Level 1.3 Dodging
 - Level 5.8 Stealth
 + Level 4.9 Shields
 + Level 3.8 Spellcasting
 - Level 4.2 Necromancy
 - Level 6.0 Evocations


You had 13 spell levels left.
You knew the following spells:

 Your Spells              Type           Power        Failure   Level  Hunger
a - Animate Skeleton      Necr           N/A          7%          1    N/A
b - Pain                  Necr           ##..         7%          1    N/A

Your spell library contained the following spells:

 Spells                   Type           Power        Failure   Level  Hunger
 Sublimation of Blood     Necr           ##........   11%         2    N/A
 Regeneration             Chrm/Necr      #.........   43%         3    N/A

Dungeon Overview and Level Annotations

Branches:
Dungeon (8/15)             Temple (1/1) D:4
   Lair: D:8-11

Altars:
Ashenzari
Dithmenos
Elyvilon
Fedhas
Gozag
Hepliaklqana
Kikubaaqudgha
Makhleb
Nemelex Xobeh
Okawaru
Qazlal
Ru
Sif Muna
Trog
Uskayaw
Vehumet
Wu Jian
Xom
Yredelemnul
The Shining One

Annotations:
D:3 1 exclusion
D:4 exclusion: downstairs
D:5 1 exclusion, Dowan, Grinder
D:6 exclusion: downstairs


Innate Abilities, Weirdness & Mutations

You do not eat.
You do not regenerate when monsters are visible.
You are frail without blood (-20% HP).
You can heal yourself when you bite living creatures.
You are immune to poison.
You have razor-sharp teeth.
You have supernaturally acute eyesight. (SInv)
You can survive without breathing.


Message History

The sky beast barely misses you. The sky beast hits you.
The sky beast shocks you.
* * * LOW HITPOINT WARNING * * *
You block the sky beast's attack.
The sky beast hits you but does no damage.
The sky beast hits you but does no damage.
The sky beast hits you but does no damage.
The sky beast flickers out of sight for a moment.
The sky beast hits you but does no damage.
The sky beast hits you but does no damage.
The sky beast hits you.
* * * LOW HITPOINT WARNING * * *
The sky beast shocks you.
* * * LOW HITPOINT WARNING * * *
You block the sky beast's attack. The sky beast hits you.
* * * LOW HITPOINT WARNING * * *
The sky beast shocks you.
You die...
Kikubaaqudgha rasps: "You have failed me!
Welcome... oblivion!"

#........#
####+#...# . #...#
.. +...+
.....######...#####
....................
%....####.##########
#........>.......
.##.....@Y......
#.............
#.....≈.......
#.............
..........(....
..####.......... #..
+.....=.... #.
#..........


You could see a sky beast (invisible).

Vanquished Creatures
  A kobold demonologist (D:7)
  A hungry ghost (D:7)
  2 orc warriors
  A phantom (D:6)
  A centaur (D:7)
  6 ogres
  A necrophage (D:7)
  3 bullfrogs
  A scorpion (D:4)
  A howler monkey (D:4)
  3 crimson imps
  A centaur skeleton (D:6)
  2 orc priests
  2 jellies
  2 gnoll shamans
  A bullfrog skeleton (D:4)
  6 worker ants
  Terence (D:3)
  5 orc wizards
  6 gnolls
  10 adders
  A shadow imp (D:5)
  An ooze (D:2)
  4 worms
  A dart slug (D:3)
  5 leopard geckos
  17 orcs
  2 ball pythons
  5 giant cockroaches
  7 goblins
  5 hobgoblins
  10 jackals
  5 kobolds
  5 quokkas
  7 bats
  2 frilled lizards
  A leopard gecko skeleton (D:4)
  A leopard gecko zombie (D:6)
  8 rats
144 creatures vanquished.

Vanquished Creatures (collateral kills)
  A hound zombie (D:7)
1 creature vanquished.

Grand Total: 145 creatures vanquished

Notes
Turn   | Place    | Note
-------+----------+-------------------------------------------
     0 | D:1      | lenfi the Vampire Assassin began the quest for the Orb.
     0 | D:1      | Reached XP level 1. HP: 16/16 MP: 1/1
   296 | D:1      | Reached XP level 2. HP: 22/22 MP: 2/2
   479 | D:1      | Reached skill level 1 in Shields
   714 | D:2      | Found a hazy altar of Hepliaklqana.
   849 | D:2      | Reached XP level 3. HP: 25/25 MP: 3/3
  1139 | D:2      | Found a glowing golden altar of the Shining One.
  1209 | D:2      | Noticed an ogre
  1727 | D:2      | Killed an ogre
  1727 | D:2      | Reached XP level 4. HP: 28/28 MP: 4/4
  1727 | D:2      | Reached XP level 5. HP: 32/32 MP: 5/5
  2072 | D:3      | Found a shattered altar of Ashenzari.
  2072 | D:3      | Found a sparkling altar of Nemelex Xobeh.
  2731 | D:3      | Reached skill level 1 in Evocations
  2883 | D:3      | Noticed Terence
  2956 | D:4      | Reached skill level 2 in Evocations
  2967 | D:4      | Reached XP level 6. HP: 38/48 MP: 7/7
  3140 | D:4      | Reached skill level 3 in Evocations
  3566 | D:4      | Found a staircase to the Ecumenical Temple.
  3575 | Temple   | Entered the Ecumenical Temple
  3671 | Temple   | Became a worshipper of Kikubaaqudgha
  3704 | D:3      | Reached skill level 4 in Evocations
  3832 | D:3      | Reached XP level 7. HP: 37/53 MP: 10/10
  4028 | D:4      | Found a shadowy altar of Dithmenos.
  4140 | D:5      | Entered Level 5 of the Dungeon
  4140 | D:5      | Noticed Dowan
  4235 | D:4      | Reached skill level 5 in Evocations
  4422 | D:4      | Found a basalt altar of Yredelemnul.
  4881 | D:5      | Reached skill level 6 in Evocations
  5117 | D:5      | Noticed Grinder
  6024 | D:6      | Reached skill level 1 in Spellcasting
  6024 | D:6      | Reached skill level 1 in Necromancy
  6164 | D:5      | Reached XP level 8. HP: 52/54 MP: 7/12
  6835 | D:7      | Noticed a kobold demonologist
  6945 | D:6      | Reached * piety under Kikubaaqudgha
  6945 | D:6      | Identified Kikubaaqudgha's Collected Works on Sinister Arts
                  | (Kikubaaqudgha gifted it to you on level 6 of the Dungeon)
  6945 | D:6      | Received a gift from Kikubaaqudgha
  7001 | D:6      | Learned a level 1 spell: Animate Skeleton
  7003 | D:6      | Learned a level 1 spell: Pain
  7705 | D:6      | Reached skill level 1 in Polearms
  8099 | D:3      | Killed Terence
  8243 | D:7      | Noticed a rust devil
  8595 | D:7      | Reached XP level 9. HP: 5/59 MP: 9/13
  9053 | D:7      | Noticed a sixfirhy
  9056 | D:7      | Noticed a rust devil
  9189 | D:7      | Noticed a soul eater
  9192 | D:7      | Killed a kobold demonologist
  9638 | D:8      | HP: 2/53 [sky beast (1)]
  9638 | D:8      | Slain by a sky beast

Levels and vault maps discovered:
D:1:      sevenhm_arrival_forest_fort_small_6, layout_rooms,
          chequers_serial_rivers_room_b, minmay_misc_feat_more_columns
D:2:      layout_rooms, lemuel_crystal_altar, lemuel_coloured_pillars_altar,
          serial_co_window_serial, co_window_corner_a, co_window_paths_b,
          co_window_paths_b, co_window_corner_a, co_window_paths_b,
          co_window_corner_cb, co_window_corner_cb, co_window_broadway_c,
          co_window_broadway_c, co_window_paths_c, co_window_4corner_b,
          glass_columns_b
D:3:      layout_basic, minitemple, uniq_terence
D:4:      layout_basic, lemuel_round_altar, grunt_dithmenos_smoke_and_mirrors,
          minmay_temple_entry_drinking_statues, first_ration
D:5:      layout_gridville, enter_ossuary_2, uniq_grinder, uniq_duvessa
D:6:      layout_cave_pods
D:7:      layout_basic, chequers_serial_rivers_marsh, grunt_ogre_cave,
          minmay_between
D:8:      layout_basic, slow_altar_1, zin_scriptorium, trog_book
Temple:   eino_temple_lava

Skill      XL: |  1  2  3  4  5  6  7  8  9 |
---------------+----------------------------+-----
Fighting       | 2 3 4 |  4.9
Shields        | 1 3 4 |  4.9
Evocations     | 2 4 6 |  6.0
Spellcasting   | 1 3 |  3.8
Necromancy     | 1 3 4 |  4.2
Polearms       | 3 |  3.7
Short Blades   | |  2.1
Throwing       | |  1.5
Dodging        | |  1.3
Stealth        | |  5.8

Action                   |  1- 3 |  4- 6 |  7- 9 || total
-------------------------+-------+-------+-------++-------
Melee: Dagger            |    73 |   223 |   281 ||   577
       Bite              |     2 |    27 |    35 ||    64
       Trident           |       |       |   125 ||   125
Throw: Dart              |    23 |    34 |    80 ||   137
       Boomerang         |    29 |    44 |    37 ||   110
       Stone             |       |    14 |    10 ||    24
       Javelin           |       |       |    22 ||    22
 Cast: Pain              |       |       |    21 ||    21
       Animate Skeleton  |       |       |    11 ||    11
 Abil: Exsanguinate      |     2 |       |     3 ||     5
       Revivify          |     2 |       |     2 ||     4
       Bat Form          |       |       |     2 ||     2
       End Transformatio |       |       |     1 ||     1
Evoke: Wand              |       |     1 |     5 ||     6
  Use: Scroll            |     1 |     7 |     1 ||     9
 Stab: Sleeping          |     3 |     2 |     1 ||     6
       Invisible         |       |       |     5 ||     5
Armor: Robe              |     4 |       |       ||     4
       Ring mail         |    24 |    70 |    93 ||   187
       Leather armour    |       |       |    37 ||    37
Dodge: Dodged            |    29 |    65 |   130 ||   224
Block: Shield            |    18 |    89 |   202 ||   309
